 Dungeon Crawl Stone Soup version 0.20.1-1-g8b1a95d (webtiles) character file.

4877 letownia2 the Thaumaturge (level 10, 66/91 HPs)
             Began as a Deep Dwarf Necromancer on Nov 12, 2017.
             Was an Initiate of Gozag.
             Quit the game on level 9 of the Dungeon.
             The game lasted 00:31:33 (9187 turns).

letownia2 the Thaumaturge (Deep Dwarf Necromancer)  Turns: 9187, Time: 00:31:34

Health: 66/91      AC: 11    Str: 16    XL:     10   Next: 26%
Magic:  9/23       EV: 10    Int: 17    God:    Gozag
Gold:   329        SH:  0    Dex: 13    Spells: 23/27 levels left

rFire    . . .     SeeInvis .   M - +0 trident (vamp)
rCold    . . .     Gourm    +   (no shield)
rNeg     + . .     Faith    .   J - +0 scale mail
rPois    .         Spirit   .   l - +2 hat
rElec    .         Reflect  .   X - +0 cloak
rCorr    .         Harm     .   (no gloves)
MR       +....                  y - +0 pair of boots
Stlth    +.........             N - amulet of the gourmand
Regen    0.0/turn               r - ring of positive energy
MPRegen  0.2/turn               Q - +2 ring of strength

@: non-regenerating
A: damage resistance, heal wounds, sense surroundings 2, no regeneration
a: Heal Wounds, Potion Petition, Call Merchant, Bribe Branch, Renounce Religion


You were on level 9 of the Dungeon.
You worshipped Gozag.
Gozag was aware of your devotion.
You were hungry.

You visited 2 branches of the dungeon, and saw 10 of its levels.
You also visited: Sewer.

You collected 1897 gold pieces.
You paid 1568 gold pieces to Gozag.

Inventory:

Hand Weapons
 a - a +1 dagger of venom
 b - a +0 dagger of holy wrath
 d - a +2 flail of protection
 A - a +0 battleaxe
 E - a +0 flail of protection
 M - a +0 vampiric trident (weapon)
 U - a +1 dagger of draining
 W - a +2 quarterstaff of chaos
Missiles
 q - a tomahawk (quivered)
 t - a tomahawk of dispersal
 G - 3 javelins
 H - 18 poisoned needles
 K - a throwing net
Armour
 l - a +2 hat (worn)
 y - a +0 pair of boots (worn)
 J - a +0 scale mail (worn)
 R - the +0 ring mail of the Frog {rN+}
   (You found it on level 5 of the Dungeon)

   It protects you from negative energy.
 V - a +3 leather armour
 X - a +0 cloak (worn)
Jewellery
 r - a ring of positive energy (left hand)
 N - an amulet of the gourmand (around neck)
 Q - a +2 ring of strength (right hand)
Wands
 m - a wand of paralysis (11/24)
 p - a wand of disintegration (9/24)
Scrolls
 g - 6 scrolls of remove curse
 i - a scroll of identify
 k - a scroll of vulnerability {unknown}
 s - 3 scrolls of teleportation
 w - 3 scrolls of noise {unknown}
 x - 2 scrolls of blinking
 B - 3 scrolls of enchant weapon {unknown}
 C - 2 scrolls of magic mapping {unknown}
 D - a scroll of recharging {unknown}
 F - a scroll of fog {unknown}
 P - 2 scrolls of fear {unknown}
Potions
 e - 2 potions of berserk rage {unknown}
 f - a potion of might
 h - a potion of agility {unknown}
 n - 7 potions of heal wounds {unknown}
 o - 3 potions of lignification {unknown}
 u - 3 potions of curing
 v - a potion of haste
 z - 2 potions of magic
 I - 2 potions of mutation {unknown}
 L - a potion of brilliance {unknown}
 O - a potion of ambrosia {unknown}
 S - a potion of resistance
 Z - a potion of flight {unknown}
Books
 Y - a book of Debilitation

   Spells                             Type                      Level
   a - Corona                         Hexes                        1
   b - Slow                           Hexes                        2
   c - Inner Flame                    Hexes/Fire                   3
   d - Portal Projectile              Hexes/Translocation          3
   e - Cause Fear                     Hexes                        4
   f - Leda's Liquefaction            Hexes/Earth                  4
Comestibles
 c - 7 bread rations
 j - a meat ration


   Skills:
 + Level 5.9 Fighting
 + Level 3.2 Armour
 + Level 2.3 Dodging
 - Level 2.4 Stealth
 - Level 9.0 Spellcasting
 - Level 8.6 Necromancy
 - Level 5.7 Evocations


You had 23 spell levels left.
You knew the following spells:

 Your Spells              Type           Power        Failure   Level  Hunger
a - Pain                  Necr           ####         1%          1    None
v - Vampiric Draining     Necr           #####.....   2%          3    None


Dungeon Overview and Level Annotations

Branches:
Dungeon (9/15)             Temple (1/1) D:4            Lair (0/6) D:8
    Orc: D:9-12

Altars:
Dithmenos
Elyvilon
Gozag
Hepliaklqana
Kikubaaqudgha
Makhleb
Nemelex Xobeh
Okawaru
Qazlal
Ru
Sif Muna
Trog
Xom
Yredelemnul
Zin

Shops:
D:6 [   D:8 =

Annotations:
D:3 Ratty's ghost, amateur OgBe
D:8 Fauxtato86's ghost, novice DrBe
D:9 Gastronok


Innate Abilities, Weirdness & Mutations

You are resistant to damage.
You can heal yourself by infusing magical energy.
You passively map the area around you.
You do not regenerate.


Message History

Really wield
M - a vampiric trident?
Your +1 dagger of venom stops dripping with poison.
You feel a dreadful hunger.
You are feeling hungry.
M - a +0 vampiric trident (weapon)
You now have 329 gold pieces (gained 15).
Gastronok the Ponderous comes into view.
Found a scroll of remove curse.
Gastronok is nearby!
Gastronok is nearby!
Gastronok is nearby!
Evoke which item? (* to show all) (? for menu, Esc to quit)
Okay, then.
There is a stone staircase leading up here.
Okay, then.
Okay, then.
Put on which piece of jewellery? (? for menu, Esc to quit)
Okay, then.
Okay, then.
Are you sure you want to abandon this character and quit the game? (Confirm with "yes".)

*
*########################
,,
,,...........()...........
*
.......#@..#)...........,
.###...#...#............
,,* #...#...#............
*,* #...#...#............,
* * #...#...#.(..........
, *,*
#...#...#..(.........
#...#...#.(.......... , *
*,, #...#............ , *
,,#...#............


There were no monsters in sight!

Vanquished Creatures
  A komodo dragon (D:8)
  A hippogriff (D:7)
  Grum (D:8)
  Edmund (D:6)
  Duvessa (D:7)
  4 sky beasts
  An orc warrior (D:6)
  2 black bears
  8 ogres
  A crocodile (Sewer)
  2 wolves
  2 centaurs
  A big kobold (D:8)
  5 bullfrogs
  A gnoll sergeant (D:9)
  Dowan (D:7)
  3 scorpions
  3 howler monkeys
  A centaur zombie (D:5)
  5 crimson imps
  6 hounds
  A jelly (D:8)
  Crazy Yiuf (D:6)
  6 orc priests
  9 orc wizards
  2 iguanas
  Ijyb (D:5)
  Terence (D:2)
  8 worker ants
  Natasha (D:3)
  A hound skeleton (D:6)
  A worker ant zombie (D:8)
  Robin (D:4)
  8 gnolls
  8 adders
  A river rat (D:4)
  An ooze (D:1)
  An adder zombie (D:7)
  2 adder skeletons
  2 worms
  2 dart slugs
  4 leopard geckos
  32 orcs
  5 ball pythons
  7 giant cockroaches
  18 goblins
  7 hobgoblins
  19 jackals
  3 quokkas
  10 bats
  4 frilled lizards
  A jackal skeleton (D:3)
  16 kobolds
  6 rats
241 creatures vanquished.

Vanquished Creatures (others)
  2 plants (D:8)
2 creatures vanquished.

Grand Total: 243 creatures vanquished

Notes
Turn   | Place    | Note
-------+----------+-------------------------------------------
     0 | D:1      | letownia2 the Deep Dwarf Necromancer began the quest for the Orb.
     0 | D:1      | Reached XP level 1. HP: 15/15 MP: 3/3
   200 | D:2      | Reached skill level 2 in Spellcasting
   200 | D:2      | Reached XP level 2. HP: 22/22 MP: 0/5
   491 | D:3      | Found a hazy altar of Hepliaklqana.
   581 | D:4      | Reached XP level 3. HP: 10/28 MP: 0/6
   586 | D:4      | Learned a level 3 spell: Vampiric Draining
   643 | D:4      | Reached skill level 5 in Necromancy
   722 | D:4      | Reached XP level 4. HP: 9/36 MP: 0/8
   745 | D:4      | Found a sparkling altar of Nemelex Xobeh.
   956 | D:4      | Reached skill level 3 in Spellcasting
   964 | D:4      | Found a glowing drain.
   976 | Sewer    | Entered a sewer
  1149 | Sewer    | Noticed a crocodile
  1169 | Sewer    | Killed a crocodile
  1169 | Sewer    | Reached XP level 5. HP: 23/42 MP: 0/10
  1387 | D:4      | Found a stormy altar of Qazlal.
  1844 | D:4      | Reached skill level 4 in Spellcasting
  1847 | D:3      | Noticed Ratty's ghost (amateur OgBe)
  1849 | D:3      | Noticed Natasha
  1903 | D:4      | Found a staircase to the Ecumenical Temple.
  1910 | Temple   | Entered the Ecumenical Temple
  1926 | Temple   | Became a worshipper of Gozag Ym Sagoz the Greedy
  1969 | D:4      | Reached XP level 6. HP: 39/49 MP: 7/12
  2171 | D:4      | Reached skill level 1 in Armour
  2262 | D:4      | Noticed Robin
  2298 | D:4      | Killed Robin
  2750 | D:3      | Found a faded altar of an unknown god.
  2955 | D:3      | Killed Natasha
  3078 | D:4      | Reached XP level 7. HP: 28/55 MP: 2/13
  3258 | D:2      | Found a sacrificial altar of Ru.
  3359 | D:2      | Noticed Terence
  3363 | D:2      | Killed Terence
  3567 | D:2      | Reached skill level 1 in Fighting
  4702 | D:5      | Entered Level 5 of the Dungeon
  4758 | D:5      | Noticed Ijyb
  5058 | D:5      | Reached XP level 8. HP: 30/64 MP: 1/15
  5192 | D:5      | Reached skill level 5 in Spellcasting
  5386 | D:5      | Killed Ijyb
  5424 | D:5      | Reached skill level 6 in Spellcasting
  5442 | D:5      | Reached skill level 1 in Evocations
  5632 | D:5      | Found a bloodstained altar of Trog.
  5816 | D:5      | Got a dazzling ring mail
  5827 | D:5      | Identified the cursed +0 ring mail of the Frog {rN+} (You found it on level 5 of the Dungeon)
  6029 | D:6      | Reached skill level 5 in Evocations
  6182 | D:6      | Found a runed door.
  6367 | D:6      | Noticed Crazy Yiuf
  6372 | D:6      | Killed Crazy Yiuf
  6471 | D:6      | Gained mutation: You passively map the area around you. [Deep Dwarf growth]
  6471 | D:6      | Reached XP level 9. HP: 59/70 MP: 13/18
  6487 | D:6      | Noticed Edmund
  6512 | D:6      | Killed Edmund
  6676 | D:6      | Reached skill level 7 in Spellcasting
  7204 | D:7      | Reached skill level 8 in Spellcasting
  7425 | D:7      | Noticed Dowan
  7577 | D:7      | Noticed Duvessa
  7608 | D:7      | Killed Duvessa
  7610 | D:7      | Killed Dowan
  7908 | D:8      | Noticed a komodo dragon
  7909 | D:8      | Found a staircase to the Lair.
  8161 | D:8      | Reached XP level 10. HP: 40/86 MP: 6/22
  8180 | D:8      | Reached skill level 9 in Spellcasting
  8194 | D:8      | Noticed Fauxtato86's ghost (novice DrBe)
  8323 | D:8      | Noticed Grum
  8349 | D:8      | Reached skill level 5 in Fighting
  8712 | D:8      | Killed Grum
  8799 | D:8      | Found an ancient bone altar of Kikubaaqudgha.
  9175 | D:9      | Noticed Gastronok
  9187 | D:9      | Quit the game

Skill      XL: |  1  2  3  4  5  6  7  8  9 10 |
---------------+-------------------------------+-----
Spellcasting   | 2 3 4 6 8 9 |  9.0
Necromancy     | 5 6 7 8 |  8.6
Armour         | 3 |  3.2
Fighting       | 1 4 5 |  5.9
Evocations     | 5 |  5.7
Dodging        | |  2.3
Stealth        | |  2.4

Action                   |  1- 3 |  4- 6 |  7- 9 | 10-12 || total
-------------------------+-------+-------+-------+-------++-------
Melee: Dagger            |     8 |    48 |   262 |    70 ||   388
       Short sword       |       |       |    41 |       ||    41
       Mace              |       |       |    67 |       ||    67
       Flail             |       |       |    23 |       ||    23
Throw: Tomahawk          |       |    12 |     1 |       ||    13
 Cast: Pain              |    21 |    80 |   127 |       ||   228
       Vampiric Draining |     2 |    29 |   108 |    38 ||   177
Invok: Call Merchant     |       |       |     1 |     1 ||     2
Evoke: Wand              |       |       |       |     7 ||     7
  Use: Scroll            |       |       |    11 |     1 ||    12
 Stab: Sleeping          |     1 |       |       |       ||     1
       Distracted        |       |       |     1 |       ||     1
  Eat: Chunk             |       |     6 |       |       ||     6
       Meat ration       |       |     1 |     3 |     1 ||     5
       Bread ration      |       |       |     1 |       ||     1
       Royal jelly       |       |       |     1 |       ||     1
       Fruit             |       |       |     1 |       ||     1
Armor: Ring mail         |     2 |    67 |   141 |       ||   210
       Robe              |     1 |       |       |       ||     1
       Scale mail        |       |       |    78 |    55 ||   133
Dodge: Dodged            |    14 |   107 |   329 |    73 ||   523
